AoeStats
← wang

Four Lakes

508821881Analyzed
1v1 RM · 8d ago on Sep 24, 2026· 24m 45s· 2 players
Game mode
Random Map
Map size
Tiny (2 player)
Population
200
Speed
Normal
Resources
Standard
Victory
Conquest
Starting age
Dark Age
Ending age
Imperial Age
RankedLock teamsTeams togetherTeam positionsShared explorationLock speedFull tech treeHidden civsTurbo modeCheats
Victory
Defeat
🇩🇪 Franks · Germany
514
+14
🇨🇳 Saracens · China
469
-14
wang
10:27 Feudal Age
18:18 Castle Age
17:08 Double-Bit Axe
17:07 Horse Collar
19:35 Bow Saw
20:18 Heavy Plow
halof93
11:53 Feudal Age
12:33 Double-Bit Axe
19:02 Castle Age
18:04 Scale Barding Armor
18:54 Forging
21:04 Fletching
21:48 Gold Mining
22:09 Husbandry
22:20 Stone Mining
22:34 Fishing Lines
24:28 Chain Barding Armor
25:37 Wheelbarrow
Connection lost

Rejoining the realm…

Still unreachable

The connection could not be restored.

Session expired

The server has moved on; the page needs a fresh start.